Map: Lost and Found LE

Players

Serral - Winner!

  • Race: Zerg Zerg
  • League: Master
  • Spawn Location: 1:00

Bunny

  • Race: Terran Terran
  • League: Diamond
  • Spawn Location: 7:00

Event: HomeStory Cup XVIII

VOD

Have the link to the VOD?

Description

Time

  • Played on: Nov. 25, 2018, 12:19 p.m.
  • Length: 30:59

All games in this series

Show
View Real Time Build Order
Export as new Build Order

Serral Zerg - Winner!

Build Orders: Pool First 

Get SALT Encoding   

  12  0:00  Drone  
  13  0:13  Overlord  
  13  0:16  Drone  
  14  0:31  Drone x2  
  16  0:41  Spawning Pool  
  15  0:44  Drone  
  15  0:48  Drone  
  17  1:07  Hatchery  
  17  1:11  Drone  
  17  1:25  Extractor  
  16  1:27  Zergling x2  
  16  1:28  Zergling x4  
  16  1:31  Queen  
  21  1:39  Overlord  
  21  1:50  Drone  
  22  2:00  Spine Crawler  
  21  2:02  Drone  
  22  2:10  Queen  
  22  2:15  Zergling x2  
  25  2:21  Zergling x2  
  26  2:31  Queen  
  28  2:42  Drone x3  
  31  2:48  Overlord  
  31  2:51  Drone  
  31  2:55  Drone  
  34  2:58  Drone  
  34  3:01  Drone  
  35  3:13  Drone x3  
  35  3:15  Metabolic Boost  
  38  3:22  Overlord  
  38  3:23  Drone  
  38  3:26  Drone  
  40  3:39  Hatchery  
  40  3:41  Drone  
  40  3:47  Queen  
  42  3:49  Drone  
  42  3:51  Drone  
  42  3:53  Drone  
  45  3:58  Overlord  
  45  4:01  Overlord  
  45  4:18  Drone x4  
  45  4:19  Drone x2  
  45  4:20  Drone  
  45  4:22  Zergling x4  
  54  4:25  Drone x2  
  54  4:26  Queen  
  54  4:30  Overlord  
  58  4:35  Zergling x2  
  58  4:37  Drone  
  59  4:40  Lair  
  59  4:46  Extractor, Baneling Nest  
  59  4:47  Zergling x2  
  59  4:48  Drone  
  59  4:53  Drone x2  
  59  4:54  Drone x3  
  59  4:58  Queen  
  66  5:02  Overlord  
  66  5:03  Zergling x2  
  66  5:05  Spore Crawler  
  66  5:06  Drone  
  67  5:11  Drone x2  
  67  5:13  Drone x2  
  71  5:20  Drone  
  72  5:25  Drone x3  
  73  5:30  Drone x3  
  76  5:37  Overlord  
  76  5:38  Centrifical Hooks  
  76  5:39  Drone x4  
  76  5:40  Drone x2  
  76  5:41  Overseer  
  82  5:45  Extractor  
  82  5:46  Extractor  
  82  5:48  Zergling x4, Spore Crawler  
  82  5:49  Extractor  
  80  5:51  Drone x2  
  80  5:54  Evolution Chamber  
  80  5:56  Evolution Chamber  
  80  5:57  Overlord  
  80  5:59  Baneling x6  
  80  6:02  Zergling x4  
  82  6:04  Drone  
  82  6:05  Drone x2  
  82  6:08  Drone x3  
  86  6:12  Drone x2  
  86  6:14  Overseer  
  86  6:17  Drone x3  
  90  6:23  Drone x3  
  93  6:36  Hatchery  
  93  6:37  Overlord  
  93  6:38  Zerg Ground Armor Level 1, Zergling x2, Zerg Melee Weapons Level 1  
  93  6:41  Baneling x2  
  93  6:42  Zergling x4  
  93  6:45  Zergling x6  
  98  6:53  Overlord  
  98  6:55  Hydralisk Den  
  98  6:57  Zergling x8  
  98  6:58  Pneumatized Carapace  
  101  7:04  Overlord  
  101  7:06  Overlord, Baneling x2  
  101  7:07  Drone x4  
  104  7:17  Drone x3  
  104  7:19  Baneling x3  
  105  7:25  Drone  
  105  7:26  Drone x3, Zergling x2  
  105  7:27  Zergling x10  
  105  7:28  Muscular Augments, Spore Crawler  
  114  7:33  Zergling x2  
  115  7:38  Zergling x4  
  115  7:42  Zergling x2  
  118  7:47  Zergling x8  
  118  7:48  Queen  
  118  7:49  Drone x2  
  124  7:51  Overlord  
  123  7:59  Zergling x12  
  123  8:01  Baneling x4  
  123  8:02  Baneling  
  128  8:13  Zergling x12  
  128  8:16  Overseer  
  128  8:17  Overseer  
  133  8:26  Zergling x22  
  135  8:33  Zergling x6  
  131  8:40  Hydralisk x3, Grooved Spines  
  136  8:50  Hydralisk x4  
  136  8:55  Overlord x7  
  141  8:56  Hatchery  
  141  9:00  Zerg Melee Weapons Level 2, Zerg Ground Armor Level 2  
  136  9:03  Extractor, Infestation Pit  
  136  9:07  Drone x3  
  136  9:09  Baneling x6  
  136  9:14  Hydralisk x2  
  136  9:15  Hydralisk x2  
  144  9:18  Hydralisk x3  
  149  9:27  Zergling x12  
  149  9:29  Baneling x8  
  148  9:36  Zergling x12  
  154  9:41  Zergling x2  
  154  9:42  Zergling x2  
  156  9:50  Zergling x8  
  160  9:54  Zergling x14  
  161  10:01  Hive  
  161  10:03  Spire  
  161  10:05  Extractor, Drone x3  
  162  10:07  Hydralisk x2  
  162  10:08  Zergling x8  
  170  10:22  Zergling x24  
  170  10:23  Zergling x2  
  170  10:27  Baneling x9  
  170  10:28  Overlord  
  183  10:29  Drone, Overlord  
  183  10:30  Queen  
  183  10:33  Drone x2  
  188  10:38  Drone  
  188  10:39  Drone  
  188  10:42  Spore Crawler  
  187  10:47  Zergling x2  
  187  10:48  Zergling x16  
  179  10:51  Zergling x6  
  181  11:03  Baneling x6  
  181  11:04  Extractor, Baneling x7  
  180  11:05  Baneling x11  
  180  11:06  Drone x3, Zergling x2  
  180  11:07  Zergling x18  
  192  11:14  Overlord x2  
  192  11:16  Zergling x6  
  192  11:17  Baneling x8  
  183  11:19  Drone x5  
  183  11:22  Adrenal Glands, Greater Spire  
  183  11:24  Drone  
  187  11:29  Zerg Ground Armor Level 3  
  186  11:35  Zergling x12  
  191  11:41  Zerg Melee Weapons Level 3  
  191  11:45  Extractor  
  191  11:46  Drone x3  
  193  11:53  Baneling x11  
  193  11:54  Zergling x12  
  183  12:01  Zergling x14  
  187  12:09  Zergling x16  
  187  12:12  Baneling x7  
  187  12:14  Overseer x2  
  186  12:16  Zergling x4  
  186  12:22  Viper x2  
  192  12:33  Drone x3  
  192  12:35  Drone  
  196  12:37  Spore Crawler  
  196  12:40  Corruptor  
  196  12:41  Extractor, Corruptor  
  196  12:42  Drone  
  199  12:45  Hatchery  
  198  12:55  Spore Crawler  
  198  12:56  Spore Crawler  
  198  12:58  Spore Crawler  
  195  12:59  Corruptor x2, Zerg Flyer Weapons Level 1  
  196  13:07  Corruptor x4  
  196  13:10  Corruptor  
  190  13:17  Zergling x2  
  190  13:18  Overlord  
  190  13:24  Baneling x9  
  190  13:26  Brood Lord x2  
  194  13:30  Overseer  
  194  13:35  Brood Lord x2  
  194  13:39  Drone  
  198  13:42  Overseer  
  198  13:43  Overlord  
  198  14:01  Brood Lord  
  190  14:18  Overseer, Zergling x22  
  200  14:28  Overseer  
  197  14:44  Baneling x11  
  197  14:46  Brood Lord  
  199  14:56  Hatchery  
  197  15:06  Brood Lord x3  
  192  15:16  Zergling x10  
  192  15:17  Zergling x6  
  192  15:20  Zerg Missile Weapons Level 1  
  200  15:22  Zerg Flyer Weapons Level 2  
  200  15:24  Spire  
  196  15:30  Burrow  
  196  15:33  Pathogen Glands  
  196  15:35  Overlord  
  196  15:44  Ultralisk Cavern  
  196  15:49  Zergling x2  
  199  15:50  Zergling x14  
  198  16:19  Spore Crawler  
  198  16:25  Viper  
  197  16:30  Neural Parasite  
  200  16:42  Chitinous Plating  
  188  16:55  Zergling x34  
  188  17:00  Hydralisk x2  
  188  17:01  Zergling x10  
  192  17:08  Zerg Flyer Armor Level 1  
  187  17:17  Overseer x2  
  187  17:19  Baneling x8  
  187  17:20  Baneling x3  
  187  17:24  Zergling x18  
  196  17:37  Baneling x3  
  196  17:38  Baneling  
  194  17:45  Overseer  
  194  17:54  Zerg Flyer Weapons Level 3  
  194  17:58  Corruptor x2  
  191  18:01  Anabolic Synthesis  
  174  18:17  Overlord x2  
  174  18:18  Overlord x3  
Show
View Real Time Build Order
Export as new Build Order

Bunny Terran 

Build Orders: Liberator Opening 

Get SALT Encoding   

  12  0:00  SCV  
  13  0:12  SCV  
  14  0:18  Supply Depot  
  14  0:25  SCV  
  15  0:40  SCV  
  16  0:44  Barracks  
  16  0:56  Barracks  
  16  0:58  SCV  
  17  1:10  SCV  
  18  1:13  Refinery  
  18  1:22  SCV  
  19  1:31  Marine  
  20  1:34  Orbital Command  
  20  1:37  Supply Depot  
  20  1:43  Marine  
  21  1:49  Marine  
  22  1:55  Bunker  
  22  2:01  Marine  
  23  2:02  SCV  
  23  2:04  Refinery  
  23  2:07  Marine  
  25  2:14  SCV  
  26  2:18  Marine, Factory  
  27  2:28  SCV  
  28  2:40  SCV  
  29  2:52  Command Center, SCV  
  30  2:59  Supply Depot  
  30  3:03  Factory Reactor  
  30  3:06  Starport  
  30  3:08  SCV  
  31  3:20  SCV  
  32  3:32  SCV  
  33  3:37  Command Center  
  33  3:41  Hellion  
  33  3:46  Liberator  
  33  3:47  Hellion  
  37  3:49  SCV  
  38  4:01  SCV  
  39  4:07  Orbital Command  
  42  4:15  SCV  
  43  4:24  Engineering Bay x2  
  43  4:27  SCV  
  43  4:30  Marine x2, Barracks Tech Lab  
  46  4:32  SCV  
  47  4:39  SCV  
  47  4:44  SCV  
  49  4:46  Viking  
  49  4:51  SCV  
  49  4:52  Orbital Command  
  52  4:53  Stimpack  
  52  4:56  SCV  
  52  4:57  Marine x2  
  52  4:59  Marine  
  56  5:04  SCV  
  57  5:08  Terran Infantry Weapons Level 1, Terran Infantry Armor Level 1, SCV  
  58  5:16  SCV  
  58  5:17  Barracks  
  58  5:20  Factory Reactor  
  57  5:21  Starport Reactor  
  57  5:24  SCV x2  
  57  5:28  SCV  
  58  5:31  Barracks  
  58  5:34  Barracks  
  58  5:35  Marine x3  
  59  5:39  SCV x2  
  59  5:40  SCV  
  59  5:42  Refinery  
  64  5:43  Refinery  
  64  5:46  Supply Depot  
  64  5:52  Orbital Command, SCV  
  64  5:53  SCV  
  64  5:54  Supply Depot  
  66  5:57  Marine x3  
  69  6:07  Medivac x2  
  69  6:08  Widow Mine x2  
  77  6:12  SCV x2  
  77  6:17  Marine x3  
  77  6:18  Supply Depot x2, Barracks Reactor  
  79  6:19  Barracks Reactor  
  79  6:20  Barracks Reactor  
  79  6:21  SCV  
  79  6:24  SCV x2  
  82  6:29  Supply Depot  
  82  6:32  Widow Mine  
  84  6:36  Armory  
  84  6:37  SCV  
  84  6:38  Supply Depot  
  89  6:40  Widow Mine, Medivac, SCV x2  
  91  6:47  Medivac  
  91  6:49  SCV  
  91  6:51  Refinery  
  91  6:52  SCV x2  
  91  6:53  Supply Depot  
  96  6:57  Combat Shield  
  96  7:01  SCV  
  96  7:04  SCV x2  
  99  7:08  Supply Depot  
  99  7:09  Marine  
  99  7:10  Marine x3  
  103  7:16  SCV x3  
  103  7:18  Widow Mine x2, Factory  
  103  7:19  Marine x3  
  113  7:25  Supply Depot  
  113  7:27  Refinery  
  113  7:28  SCV x3  
  114  7:30  Supply Depot  
  114  7:31  Terran Infantry Weapons Level 2  
  114  7:37  Supply Depot  
  114  7:38  Terran Infantry Armor Level 2  
  114  7:41  Marine x3  
  117  7:49  SCV x2  
  117  7:50  Marine x5, SCV  
  124  7:59  Medivac  
  124  8:00  Medivac  
  124  8:04  Marine  
  124  8:05  Marine x3  
  132  8:08  Marine x2  
  132  8:10  Widow Mine x2  
  138  8:17  Marine  
  139  8:23  Marauder  
  139  8:24  Marine  
  139  8:25  Marine  
  138  8:35  Widow Mine x2  
  138  8:37  Marine x5  
  138  8:40  Terran Vehicle And Ship Armor Level 1, Medivac x2  
  149  8:44  Marauder  
  149  8:47  Factory Tech Lab  
  149  8:48  Command Center  
  151  8:50  Marine x3  
  151  8:55  Marine x3  
  146  9:03  Marine x2  
  146  9:06  Marauder  
  146  9:08  Marine x3  
  146  9:09  Drilling Claws  
  151  9:10  Medivac x2  
  151  9:12  Unknown  
  151  9:13  Supply Depot  
  151  9:14  Supply Depot  
  151  9:15  Supply Depot x2  
  153  9:21  Marine x4  
  157  9:27  Marauder  
  157  9:29  Widow Mine x2  
  157  9:31  Barracks  
  157  9:35  Widow Mine  
  157  9:36  Barracks  
  159  9:39  Barracks  
  159  9:46  Medivac x2  
  159  9:49  Marauder, Unknown x5  
  159  9:50  Widow Mine x2, Unknown  
  169  9:56  Widow Mine, Sensor Tower  
  169  9:57  Marine  
  169  9:58  Marine x4  
  173  10:09  Planetary Fortress  
  173  10:10  Marauder  
  173  10:12  Widow Mine x2  
  179  10:15  Sensor Tower  
  179  10:18  Terran Infantry Weapons Level 3  
  179  10:20  Medivac x2  
  183  10:21  Barracks Reactor  
  183  10:23  Barracks Tech Lab  
  183  10:25  Widow Mine  
  185  10:29  Barracks Tech Lab  
  185  10:31  Marauder  
  185  10:33  Widow Mine x2, Marine x8  
  199  10:49  Marauder  
  180  10:50  Marauder  
  180  10:51  Marine x3  
  180  10:52  Marine  
  180  10:54  Marine x3, Medivac x2  
  180  10:55  Marine  
  180  10:57  Marine  
  188  10:59  Widow Mine  
  188  11:00  Widow Mine x2  
  188  11:02  Marauder, Marine  
  198  11:09  Marine x2  
  198  11:10  Unknown  
  200  11:12  Terran Infantry Armor Level 3  
  200  11:17  Unknown  
  200  11:18  Unknown  
  191  11:27  Marine x3, Marauder x3  
  191  11:32  Command Center  
  198  11:33  Widow Mine  
  198  11:34  Command Center  
  198  11:35  Terran Vehicle And Ship Armor Level 2  
  199  11:52  Marine x8  
  199  11:54  Marauder x2  
  188  12:02  Marine  
  188  12:03  Marauder, Marine  
  191  12:10  Widow Mine x2, Marine x5  
  191  12:11  Marine  
  191  12:12  Marine x2  
  191  12:15  Widow Mine, Marauder x2  
  192  12:16  Medivac  
  192  12:17  Medivac  
  192  12:20  Marine  
  192  12:21  Marine  
  196  12:23  Marine  
  197  12:31  Widow Mine, Concussive Shells  
  197  12:36  Widow Mine  
  199  12:39  Marine  
  196  12:44  Refinery, Orbital Command  
  196  12:46  Medivac x2  
  200  12:57  Command Center  
  200  12:59  Liberator x2  
  200  13:00  Unknown x4  
  198  13:10  Marine x6  
  191  13:18  Widow Mine  
  199  13:24  Planetary Fortress  
  199  13:26  Refinery x2  
  199  13:30  Missile Turret  
  199  13:31  Refinery  
  199  13:32  Sensor Tower  
  197  13:40  Ghost Academy  
  197  13:45  Marauder  
  199  14:02  Terran Ship Weapons Level 1  
  199  14:11  Personal Cloaking  
  197  14:20  Barracks  
  197  14:21  Barracks  
  197  14:22  Barracks  
  197  14:23  Planetary Fortress, Barracks  
  195  14:27  Refinery  
  195  14:30  Sensor Tower  
  191  14:42  Starport x2  
  191  14:43  Starport  
  191  14:45  Starport  
  191  14:49  Neosteel Armor  
  191  14:50  Missile Turret x3, Hi-Sec Auto Tracking  
  191  14:51  Missile Turret  
  191  14:52  Refinery  
  191  14:53  Ghost x3  
  182  15:12  Marine  
  182  15:13  Marine x4  
  172  15:14  Barracks Tech Lab  
  172  15:16  Barracks Reactor, Barracks Tech Lab  
  164  15:26  Fusion Core  
  164  15:38  Missile Turret  
  164  15:45  Ghost  
  164  15:48  Marine  
  166  16:01  Ghost x4  
  166  16:02  Barracks Tech Lab  
  169  16:05  Marine x5  
  169  16:06  Marine x2  
  169  16:07  Starport Reactor x2, Starport Tech Lab  
  172  16:12  Liberator  
  172  16:14  Viking x2, Command Center  
  172  16:16  Command Center  
  176  16:19  Unknown  
  176  16:20  Unknown x9  
  176  16:25  Ghost x2  
  180  16:29  Ghost, Advanced Ballistics  
  165  16:40  Marine x2  
  165  16:45  Unknown  
  159  16:55  Marauder x4  
  159  16:57  Marine  
  159  17:00  Marine  
  159  17:01  Marine x2  
  155  17:02  Marine x9  
  155  17:03  Marine  
  157  17:11  Terran Ship Weapons Level 2  
  157  17:12  Raven  
  157  17:15  Marine, SCV x4  
  161  17:19  Orbital Command  
  161  17:27  SCV  
  161  17:29  Marauder  
  168  17:30  Marauder x2, Marine  
  168  17:33  Marine  
  168  17:35  Marine  
  171  17:37  Marine  
  171  17:40  Marine  
  171  17:43  Marine  
  171  17:44  Marine x2  
  173  17:45  Marine  
  175  17:56  Marine  
  167  17:59  Marine x4  
  167  18:01  Unknown  
  156  18:10  Marauder x3  
  156  18:11  Marine  
  118  18:18  Marauder  
  108  18:22  Marine x2  
Tags
 
Add a new tag
Caveats
  • Supply blocks, unpowered buildings, or Contaminate may cause inaccurate times.
  • Supply counts are checked every 10 seconds.